Map: Blueshift LE

Players

WinterSC - Winner!

  • Race: Terran Terran
  • League: Master
  • Spawn Location: 7:00

VOD

Have the link to the VOD?

Description

Time

  • Played on: Oct. 2, 2018, 9:26 p.m.
  • Length: 12:40
Show
View Real Time Build Order
Export as new Build Order

WinterSC Terran - Winner!

Build Orders: Liberator Opening, Reaper Expand 

Get SALT Encoding   

  12  0:02  SCV  
  12  0:14  SCV  
  12  0:17  Supply Depot  
  12  0:26  SCV  
  12  0:39  SCV  
  12  0:41  Barracks  
  12  0:45  Refinery  
  12  0:51  SCV  
  12  1:03  SCV  
  12  1:15  SCV  
  12  1:29  Orbital Command  
  12  1:30  Reaper  
  12  1:43  Command Center  
  12  1:57  SCV  
  12  2:04  Marine  
  12  2:09  SCV  
  12  2:13  Factory  
  12  2:18  Supply Depot  
  12  2:25  Barracks Reactor  
  12  2:31  Refinery  
  12  2:40  SCV  
  12  2:52  SCV  
  12  2:59  Orbital Command  
  12  3:01  Marine x2  
  12  3:04  Starport  
  12  3:05  Widow Mine  
  12  3:06  SCV  
  12  3:12  Bunker  
  12  3:18  SCV  
  12  3:19  Marine x2  
  12  3:25  SCV  
  12  3:27  Liberator  
  12  3:29  Factory Tech Lab  
  12  3:30  SCV  
  12  3:37  SCV  
  12  3:38  Marine x2  
  12  3:45  SCV  
  12  3:50  SCV  
  12  3:55  Supply Depot  
  12  3:56  Marine x2  
  12  3:57  Supply Depot  
  12  4:02  SCV  
  12  4:06  SCV, Siege Tank  
  12  4:14  SCV  
  12  4:18  SCV  
  12  4:26  SCV  
  12  4:28  Viking, Command Center  
  12  4:33  Marine x2  
  12  4:34  SCV  
  12  4:38  SCV  
  12  4:41  Siege Tank  
  12  4:46  SCV  
  12  4:49  Supply Depot  
  12  4:51  SCV  
  12  4:54  Engineering Bay  
  12  4:59  SCV  
  12  5:00  Marine x2  
  12  5:03  SCV  
  12  5:10  Barracks  
  12  5:11  SCV, Starport Reactor  
  12  5:20  Barracks  
  12  5:21  SCV  
  12  5:23  Factory Tech Lab  
  12  5:24  Terran Infantry Weapons Level 1  
  12  5:25  SCV  
  12  5:27  Marine x2  
  12  5:33  SCV  
  12  5:37  SCV  
  12  5:38  Refinery  
  12  5:39  Refinery  
  12  5:41  Orbital Command  
  12  5:45  SCV  
  12  5:47  Supply Depot, Siege Tank  
  12  5:49  SCV  
  12  5:50  Marine  
  12  5:56  Starport Reactor  
  12  5:57  SCV  
  12  6:01  SCV  
  12  6:09  SCV  
  12  6:11  SCV, Engineering Bay  
  12  6:12  Marine x4  
  12  6:14  Stimpack  
  12  6:16  SCV  
  12  6:21  SCV  
  12  6:22  Siege Tank  
  12  6:25  SCV  
  12  6:29  Orbital Command  
  12  6:30  Supply Depot  
  12  6:31  Marine x4  
  12  6:35  SCV  
  12  6:36  SCV  
  12  6:45  Barracks x2  
  12  6:52  SCV x2  
  12  6:55  SCV  
  12  7:01  Supply Depot  
  12  7:04  SCV, Supply Depot  
  12  7:07  SCV  
  12  7:10  Marine x3  
  12  7:14  Terran Infantry Armor Level 1  
  12  7:18  Armory  
  12  7:23  Medivac x2, SCV, Siege Tank  
  12  7:25  SCV  
  12  7:26  Missile Turret  
  12  7:27  Missile Turret  
  12  7:29  Marine x2  
  12  7:30  Marine x2, Marauder  
  12  7:32  Barracks Tech Lab  
  12  7:34  Barracks Reactor  
  12  7:35  SCV  
  12  7:46  Supply Depot  
  12  7:49  Supply Depot  
  12  8:05  Terran Vehicle Weapons Level 1  
  12  8:08  Medivac x2, Marine x2, SCV x2  
  12  8:10  Terran Infantry Weapons Level 2, Refinery, SCV, Marine x2, Siege Tank  
  12  8:11  Refinery, Marauder  
  12  8:19  Supply Depot  
  12  8:20  Combat Shield  
  12  8:23  Supply Depot  
  12  8:24  Supply Depot  
  12  8:26  Marine x4, SCV x3  
  12  8:29  Marine  
  12  8:39  Concussive Shells  
  12  8:40  Marine x3, SCV  
  12  8:44  Marine, Siege Tank  
  12  8:45  Medivac, Marauder  
  12  8:53  Marine x3  
  12  8:56  SCV  
  12  8:58  Marine x2  
  12  8:59  Marauder  
  12  9:02  Marine  
  12  9:06  Marine  
  12  9:07  Command Center  
  12  9:08  Missile Turret  
  12  9:10  Missile Turret  
  12  9:11  Marine x2  
  12  9:15  Sensor Tower  
  12  9:20  Marine  
  12  9:21  Medivac, Marine, Supply Depot, Siege Tank  
  12  9:24  Terran Infantry Armor Level 2  
  12  9:25  Marine x2  
  12  9:26  Marine x2  
  12  9:27  Supply Depot  
  12  9:28  Marine  
  12  9:29  Marine  
  12  9:35  Medivac  
  12  9:38  Marine x2  
  12  9:43  Marine x3  
  12  9:44  Marine  
  12  9:50  Marine  
  12  10:01  Marine x3  
  12  10:02  Marauder  
Tags
 
Add a new tag
Caveats
  • Supply blocks, unpowered buildings, or Contaminate may cause inaccurate times.
  • Supply counts are checked every 10 seconds.